 Dungeon Crawl Stone Soup version 0.27-a0-1228-gfd60fd639a (webtiles) character file.

Game seed: 8149372832493561266

340 ZappyNine the Changer (level 6, -1/59 HPs)
             Began as an Ogre Transmuter on June 7, 2021.
             Was an Initiate of Cheibriados.
             Splashed by a jelly's acid (8 damage)
             ... on level 4 of the Dungeon.
             The game lasted 00:05:23 (4314 turns).

ZappyNine the Changer (Ogre Transmuter)             Turns: 4314, Time: 00:05:23

Health: -1/59      AC: -10   Str: 16    XL:     6   Next: 56%
Magic:  8/10       EV: 19    Int: 15    God:    Cheibriados [......]
Gold:   139        SH:  0    Dex: 17    Spells: 7/11 levels left

rFire    . . .     SeeInvis .     - Unarmed
rCold    . . .     Faith    .   (shield currently unavailable)
rNeg     . . .     Spirit   .   (armour currently unavailable)
rPois    x         Reflect  .   (helmet currently unavailable)
rElec    .         Harm     .   (cloak currently unavailable)
rCorr    .         Rampage  .   (gloves unavailable)
Will     .....                  (boots unavailable)
Stlth    ++........             (no amulet)
HPRegen  0.19/turn              (no ring)
MPRegen  0.12/turn              (no ring)

@: spider-form (expiring), corroded, very slow
A: venomous fangs, tiny, unfitting armour, (tough skin 1)
a: End Transformation, Renounce Religion, Bend Time


You were on level 4 of the Dungeon.
You worshipped Cheibriados.
Cheibriados was noncommittal.
You were a venomous arachnid creature.
You visited 2 branches of the dungeon, and saw 5 of its levels.

You collected 139 gold pieces.

Inventory:

Hand Weapons
 b - a +0 spear of venom (melded)
Armour
 a - a +0 robe (melded)
Wands
 e - a wand of acid (8)
Scrolls
 c - 4 scrolls of identify
 d - 2 scrolls of teleportation
Potions
 f - a potion of curing {unknown}
 g - a potion of ambrosia {unknown}


   Skills:
 - Level 2.4 Fighting
 + Level 2.1 Dodging
 - Level 3.4 Unarmed Combat
 + Level 3.2 Spellcasting
 + Level 3.8 Transmutations
 - Level 3.0 Poison Magic


You had 7 spell levels left.
You knew the following spells:

 Your Spells              Type           Power      Damage    Failure   Level
a - Beastly Appendage     Tmut           28%        N/A       13%         1
b - Spider Form           Tmut/Pois      6%         N/A       32%         3

Your spell library contained the following spells:

 Spells                   Type           Power      Damage    Failure   Level
 Wereblood                Tmut           14%        N/A       17%         2
 Animate Skeleton         Necr           4%         N/A       41%         1
 Apportation              Tloc           4%         N/A       41%         1
 Corona                   Hex            2%         N/A       41%         1
 Summon Small Mammal      Summ           8%         N/A       41%         1
 Confusing Touch          Hex            2%         N/A       73%         3
 Gell's Gravitas          Tloc           1%         N/A       73%         3
 Ice Form                 Ice/Tmut       8%         N/A       83%         4
 Petrify                  Tmut/Erth      8%         N/A       83%         4
 Hydra Form               Tmut           7%         N/A       88%         5
 Yara's Violent Unravell  Hex/Tmut       4%         3d4       98%         5
 Metabolic Englaciation   Hex/Ice        1%         N/A       100%        5


Dungeon Overview and Level Annotations

Branches:
Dungeon (4/15)             Temple (1/1) D:4

Altars:
Cheibriados
Dithmenos
Gozag
Hepliaklqana
Nemelex Xobeh
Okawaru
Qazlal
Ru
Sif Muna
Trog
Uskayaw
Vehumet
Wu Jian
Xom
Yredelemnul
Zin


Innate Abilities, Weirdness & Mutations

You are a venomous arachnid creature.
You have poisonous fangs.
You are tiny and dextrous.
Your spellcasting is less reliable in this form.
Your armour is entirely melded.
You are incapable of wielding weapons or throwing items.
You are too large for most types of armour.
((You have tough skin. (AC +1)))


Message History

You hit the jelly but do no damage.
Your front legs burn!
The jelly closely misses you.
You hit the jelly.
Your front legs burn!
The jelly is lightly wounded.
The jelly completely misses you.
You hit the jelly but do no damage. The acid corrodes you!
Your front legs burn!
The jelly is lightly wounded.
The jelly hits you.
You are splashed with acid!
You hit the jelly but do no damage.
Your front legs burn!
The jelly closely misses you.
You hit the jelly but do no damage.
Your front legs burn!
The jelly hits you.
You are splashed with acid!
You are too injured to fight recklessly!
You are too injured to fight recklessly!
You are too injured to fight recklessly!
You are too injured to fight recklessly!
You are too injured to fight recklessly!
You are too injured to fight recklessly!
You are too injured to fight recklessly!
You are too injured to fight recklessly!
You are too injured to fight recklessly!
You are too injured to fight recklessly!
You are too injured to fight recklessly!
You are too injured to fight recklessly!
You are too injured to fight recklessly!
You are too injured to fight recklessly!
You hit the jelly but do no damage.
Your front legs burn!
* * * LOW HITPOINT WARNING * * *
The jelly hits you.
* * * LOW HITPOINT WARNING * * *
You are splashed with acid!
* * * LOW HITPOINT WARNING * * *
Unknown command.
The jelly misses you.
Your transformation is almost over.
The jelly hits you.
* * * LOW HITPOINT WARNING * * *
The acid corrodes you!
You are splashed with acid!
You die...

##..[.#.... ### #
##..........## #.# ## .###
#............######.##.#....#
##................#...........
#....................#........
.......##.......#....##.......
........#.......#....# #......
#.......#(......#J..## ......
................s....# .....
..........#..........# .....
###...##.##......#.#.# ....
#....###.##..#.#...#... .>..
#....#...###.####.......
#........#.#..####.......
..#.............. ...#...
..##............##..###..
.....................#..##


You could see a jelly.

Vanquished Creatures
  A phantom (D:3)
  A scorpion (D:4)
  An orc priest (D:3)
  An iguana (D:4)
  A hound zombie (D:4)
  7 adders
  A dart slug (D:1)
  11 orcs
  5 ball pythons
  4 endoplasms
  3 giant cockroaches
  5 goblins
  5 hobgoblins
  3 quokkas (D:1)
  5 bats
  4 frilled lizards
  3 kobolds
  4 rats
65 creatures vanquished.

Vanquished Creatures (others)
  2 plants (D:2)
2 creatures vanquished.

Grand Total: 67 creatures vanquished

Notes
Turn   | Place    | Note
-------+----------+-------------------------------------------
     0 | D:1      | ZappyNine the Ogre Transmuter began the quest for the Orb.
     0 | D:1      | Reached XP level 1. HP: 19/19 MP: 3/3
   283 | D:1      | Reached XP level 2. HP: 28/28 MP: 3/5
  1034 | D:1      | Reached XP level 3. HP: 32/36 MP: 4/6
  1055 | D:1      | Learned a level 3 spell: Spider Form
  1750 | D:2      | Reached skill level 1 in Poison Magic
  2030 | D:2      | Reached XP level 4. HP: 28/44 MP: 3/7
  2667 | D:3      | Noticed a phantom
  2680 | D:3      | Killed a phantom
  2681 | D:3      | Reached XP level 5. HP: 34/50 MP: 8/8
  2967 | D:3      | Found an opulent altar of Gozag.
  3773 | D:4      | Found a staircase to the Ecumenical Temple.
  3789 | Temple   | Entered the Ecumenical Temple
  3878 | Temple   | Became a worshipper of Cheibriados the Contemplative
  3965 | D:4      | Reached XP level 6. HP: 44/59 MP: 5/9
  4314 | D:4      | Splashed by a jelly's acid

Illustrated notes

Levels and vault maps discovered:
D:1:      dpeg_arrival_three_same_balls, layout_loops_corners
D:2:      layout_rooms, chequers_big_river, minmay_tripent
D:3:      layout_basic, grunt_gozag_breadcrumbs
D:4:      layout_cave_pools, gammafunk_temple_overflow_pools
Temple:   regret_index_temple_waves

Skill      XL: |  1  2  3  4  5  6 |
---------------+-------------------+-----
Unarmed Combat | 3 |  3.4
Fighting       | 2 |  2.4
Transmutations | 2 3 |  3.8
Poison Magic   | 1 2 3 |  3.0
Dodging        | 2 |  2.1
Spellcasting   | 3 |  3.2

Action                   |  1- 3 |  4- 6 || total
-------------------------+-------+-------++-------
Melee: Unarmed           |   114 |    54 ||   168
       Kick              |    13 |    10 ||    23
       Headbutt          |     4 |     2 ||     6
       Spear             |       |    65 ||    65
       Punch             |       |     4 ||     4
 Cast: Beastly Appendage |    26 |    11 ||    37
       Spider Form       |     1 |     6 ||     7
  Use: Scroll            |       |     5 ||     5
       Potion            |       |     1 ||     1
 Stab: Invisible         |       |     1 ||     1
Armor: Robe              |    35 |    18 ||    53
Dodge: Dodged            |    84 |    79 ||   163

Table legend: (Time is in decaauts)
 A = Elapsed time spent in this place.
 B = Non-inter-level travel time spent in this place.
 C = Inter-level travel time spent in this place.
 D = Time resting spent in this place.
 E = Time spent auto-exploring this place.
 F = Levels seen in this place.
 G = Mean time per level.
                   A        B        C        D        E       F      G
               +--------+--------+--------+--------+--------+-----+--------+
         Total |   4370 |   4263 |    107 |    627 |   3016 |   5 |  874.0 |
       Dungeon |   4261 |   4181 |     80 |    623 |   2962 |   4 | 1065.2 |
        Temple |    109 |     82 |     27 |      4 |     54 |   1 |  109.0 |
               +--------+--------+--------+--------+--------+-----+--------+

Top non-repeatable levels by time:
     D:2: 1253 daAuts
     D:1: 1241 daAuts
     D:3: 1208 daAuts
     D:4: 558 daAuts
  Temple: 109 daAuts
